 Dungeon Crawl Stone Soup version 0.28.0 (webtiles) character file.

Game seed: 17145663533456994485

56 danielguo94 the Covered (level 3, 0/23 HPs)
             Began as a Gargoyle Fighter on Feb 6, 2022.
             Slain by a water moccasin (3 damage)
             ... on level 3 of the Dungeon.
             The game lasted 00:01:55 (1540 turns).

danielguo94 the Covered (Gargoyle Fighter)          Turns: 1540, Time: 00:01:55

Health: 0/23       AC: 11    Str: 21    XL:     3   Next: 97%
Magic:  3/3        EV:  9    Int:  8    God:
Gold:   77         SH:  4    Dex:  9    Spells: 2/2 levels left

rFire   . . .      SeeInvis .   a - +0 flail
rCold   . . .      Faith    .   c - +0 buckler
rNeg    + . .      Spirit   .   b - +0 scale mail
rPois   ∞          Reflect  .   e - +0 helmet
rElec   +          Harm     .   (no cloak)
rCorr   .          Rampage  .   (no gloves)
Will    .....                   (no boots)
Stlth   ..........              (no amulet)
HPRegen 0.07/turn               (no ring)
MPRegen 0.08/turn               (no ring)

@: no status effects
A: sickness immunity, AC +3, negative energy resistance 1, electricity
resistance, torment resistance 1, petrification resistance
a: no special abilities


You were on level 3 of the Dungeon.
You visited 1 branch of the dungeon, and saw 3 of its levels.

You collected 77 gold pieces.

Inventory:

Hand Weapons
 a - a +0 flail (weapon)
Missiles
 f - 43 stones (quivered)
Armour
 b - a +0 scale mail (worn)
 c - a +0 buckler (worn)
 e - a +0 helmet (worn)
Jewellery
 i - a +4 ring of slaying
 k - a ring of ice
Scrolls
 g - a scroll of teleportation {unknown}
 h - 2 scrolls of identify {unknown}
 j - a scroll of fog {unknown}
 m - a scroll of noise {unknown}
Potions
 d - 2 potions of might
 l - 2 potions of attraction {unknown}


   Skills:
 + Level 3.6 Fighting
 * Level 3.2 Maces & Flails
 + Level 3.8 Armour
 + Level 0.1 Dodging
 + Level 3.4 Shields


You had 2 spell levels left.
You didn't know any spells.
Your spell library contained the following spells:

 Spells                   Type           Power      Damage    Failure   Level
 Slow                     Hex            0%         N/A       83%         1
 Confusing Touch          Hex            0%         N/A       99%         3
 Vampiric Draining        Necr           0%         2d6       99%         3


Dungeon Overview and Level Annotations

Branches:
Dungeon (3/15)

Altars:

Shops:
D:1 [   D:3 :


Innate Abilities, Weirdness & Mutations

You are immune to sickness and miasma.
Your stone body is resilient. (AC +3)
You are immune to poison.
You resist negative energy. (rN+)
You are resistant to electric shocks. (rElec)
You are resistant to unholy torment.
You are immune to petrification.


Message History

The water moccasin is severely wounded.
The water moccasin bites you but does no damage.
The water moccasin closely misses you.
You hit the water moccasin.
The water moccasin is severely wounded.
The water moccasin misses you.
You miss the water moccasin.
The water moccasin is severely wounded.
The water moccasin bites you.
The water moccasin completely misses you.
You closely miss the water moccasin.
The water moccasin is severely wounded.
You block the water moccasin's attack.
The water moccasin bites you but does no damage.
You miss the water moccasin.
The water moccasin is severely wounded.
The water moccasin closely misses you. You block the water moccasin's attack.
You closely miss the water moccasin.
The water moccasin is severely wounded.
The water moccasin bites you but does no damage.
You block the water moccasin's attack.
You miss the water moccasin.
The water moccasin is severely wounded.
The water moccasin barely misses you.
You barely miss the water moccasin.
The water moccasin is severely wounded.
The water moccasin closely misses you. The water moccasin bites you.
You hit the water moccasin.
The water moccasin is severely wounded.
The water moccasin bites you but does no damage. x2
You barely miss the water moccasin.
The water moccasin is severely wounded.
The water moccasin barely misses you. The water moccasin bites you!
* * * LOW HITPOINT WARNING * * *
Okay, then.
Unknown command.
You closely miss the water moccasin.
The water moccasin is severely wounded.
The water moccasin bites you.
You die...

#+#.........# #...
............# #..#
............# #..#
............# #..#
............# #..#
......†.....# #..#
.##.........####..#
#.........'...S.#
#.........####@##
########### #.# #.#
#.# ..# ###


You could see a water moccasin.

Vanquished Creatures
  2 adders (D:2)
  A worm (D:3)
  A dart slug (D:3)
  4 bats
  3 endoplasms
  A giant cockroach (D:1)
  2 goblins (D:1)
  4 hobgoblins
  4 quokkas
  A ball python (D:1)
  4 frilled lizards
  3 kobolds
  A rat (D:1)
31 creatures vanquished.

Notes
Turn   | Place    | Note
-------+----------+-------------------------------------------
     0 | D:1      | danielguo94 the Gargoyle Fighter began the quest for the
                  | Orb.
     0 | D:1      | Reached XP level 1. HP: 14/14 MP: 1/1
   157 | D:1      | Found Geabol's Antique Armour Emporium.
   218 | D:1      | Reached XP level 2. HP: 15/19 MP: 2/2
   498 | D:1      | Found a faded altar of an unknown god.
   691 | D:2      | Reached XP level 3. HP: 10/23 MP: 3/3
  1510 | D:3      | Found Beudotiw's Book Shop.
  1511 | D:3      | Noticed a water moccasin
  1540 | D:3      | Slain by a water moccasin

Illustrated notes

Levels and vault maps discovered:
D:1:      ebering_hopf_link, layout_loops_ring, serial_shops, shop_statue,
          ebering_ecumenical_altar_hall
D:2:      layout_loops_ring, grunt_ministairs_4
D:3:      layout_basic, serial_shops, nicolae_shop_stone,
          uniq_crazy_yiuf_cottage

Skill      XL: |  1  2  3 |
---------------+----------+-----
Maces & Flails | 3 |  3.2
Fighting       | |  3.6
Armour         | |  3.8
Dodging        | |  0.1
Shields        | |  3.4

Action                   || total
-------------------------++-------
Melee: Flail             ||   141
Armor: Scale mail        ||    76
Dodge: Dodged            ||    81
Block: Buckler           ||    25
